 Dungeon Crawl Stone Soup version 0.30.1-4-g462c640d31 (webtiles) character file.

Game seed: 5564417718259398960

106165 Kurtz the Severer (level 16, -11/104 HPs)
             Began as a Tengu Fighter on Sept 18, 2023.
             Was the Champion of Okawaru.
             Mangled by a naga warrior
             ... wielding a +0 halberd
              (21 damage)
             ... on level 1 of the Snake Pit.
             The game lasted 00:57:22 (25362 turns).

Kurtz the Severer (Tengu Fighter)                  Turns: 25362, Time: 00:57:22

Health: -11/104    AC: 26    Str: 22    XL:     16   Next: 43%
Magic:  22/22      EV: 10    Int: 12    God:    Okawaru [******]
Gold:   803        SH: 15    Dex: 13    Spells: 15/15 levels left

rFire   . . .        l - +9 broad axe (heavy)
rCold   . . .        x - +0 tower shield {AC+3}
rNeg    . . .        W - +5 plate armour of Greed {+Blink}
rPois   +            X - +2 hat {Stlth+}
rElec   .            (no cloak)
rCorr   .            b - +0 pair of gloves
SInv    .            (boots unavailable)
Will    +....        h - amulet of regeneration Stlth
                     p - +4 ring of slaying
HPRegen 1.17/turn    o - ring of poison resistance
MPRegen 0.18/turn

%: no passive effects
@: lethally poisoned (-11 -> -11), flying quickly and evasively, slowed, very
slow
A: beak, talons 3, nimble flight
a: Renounce Religion, Evoke Blink, Heroism, Finesse, Duel


You were on level 1 of the Snake Pit.
You worshipped Okawaru.
Okawaru was exalted by your worship.
You visited 6 branches of the dungeon, and saw 25 of its levels.
You also visited: Ossuary.

You collected 2577 gold pieces.
You spent 1774 gold pieces at shops.

Inventory:

Hand Weapons
 l - a +9 heavy broad axe (weapon)
 w - a +1 demon whip of draining
 C - a +0 trident
 E - the +4 war axe "Ufruoti" {elec, rPois rC+ MP+9 Dex+4}
   (You found it on level 3 of the Dungeon)

   Dex:       It affects your dexterity (+4).
   rC:        It protects you from cold.
   rPois:     It protects you from poison.
   MP:        It affects your magic capacity (+9).
Missiles
 a - 66 poisoned darts
 k - 2 throwing nets
 Z - 2 curare-tipped darts (quivered)
Armour
 b - a +0 pair of gloves (worn)
 r - a +2 cloak
 x - a +0 tower shield of protection (worn)
 P - a scarf of repulsion
 W - the +5 plate armour of Greed (worn) {+Blink}
   (Okawaru gifted it to you on level 4 of the Lair of Beasts)

   +Blink:    It lets you blink.
 X - a +2 hat of stealth (worn)
Jewellery
 h - an amulet of regeneration (around neck)
 o - a ring of poison resistance (right hand)
 p - a +4 ring of slaying (left hand)
 q - a ring of protection from cold
 t - a ring of willpower
 Q - a ring of positive energy
Wands
 j - a wand of mindburst (6)
 y - a wand of polymorph (6)
 B - a wand of flame (13)
 T - a wand of roots (26)
 Y - a wand of light (5)
Scrolls
 c - 3 scrolls of identify
 e - a scroll of noise
 m - 6 scrolls of fear
 A - a scroll of poison
 F - 4 scrolls of magic mapping
 G - a scroll of silence
 I - 3 scrolls of teleportation
 J - 4 scrolls of fog
Potions
 d - 4 potions of might
 f - 6 potions of brilliance
 g - 13 potions of curing
 n - a potion of cancellation
 s - a potion of mutation
 u - a potion of berserk rage
 v - 3 potions of ambrosia
 z - a potion of haste
 O - 5 potions of resistance
Miscellaneous
 V - a lightning rod (4/4)


   Skills:
 * Level 13.1 Fighting
 - Level 18.0 Axes
 + Level 11.9 Armour
 * Level 11.7 Dodging
 * Level 9.4 Shields
 * Level 7.8 Invocations
 * Level 8.1 Evocations


You had 15 spell levels left.
You didn't know any spells.
Your spell library contained the following spells:

 Spells                   Type           Power      Damage    Failure   Level
 Sandblast                Erth           0%         2d4       100%        1
 Slow                     Hex            0%         N/A       100%        1
 Sting                    Tmut/Pois      0%         1d3       100%        1
 Passwall                 Tmut/Erth      0%         N/A       100%        2
 Poisonous Vapours        Pois/Air       0%         N/A       100%        2
 Scorch                   Fire           0%         2d5       100%        2
 Sublimation of Blood     Necr           0%         N/A       100%        2
 Wereblood                Tmut           0%         N/A       100%        2
 Confusing Touch          Hex            0%         N/A       100%        3
 Mephitic Cloud           Conj/Pois/Air  0%         N/A       100%        3
 Ozocubu's Armour         Ice            0%         N/A       100%        3
 Portal Projectile        Hex/Tloc       0%         N/A       100%        3
 Stone Arrow              Conj/Erth      0%         3d7       100%        3
 Vampiric Draining        Necr           0%         2d6       100%        3
 Vhi's Electric Charge    Tloc/Air       0%         N/A       100%        3
 Flame Wave               Conj/Fire      0%         2d4       100%        4
 Leda's Liquefaction      Hex/Erth       0%         N/A       100%        4
 Olgreb's Toxic Radiance  Pois           0%         N/A       100%        4
 Passage of Golubria      Tloc           0%         N/A       100%        4
 Alistair's Intoxication  Tmut/Pois      0%         N/A       100%        5
 Arcjolt                  Conj/Air       0%         1d10      100%        5
 Borgnjor's Vile Clutch   Necr/Erth      0%         N/A       100%        5
 Metabolic Englaciation   Hex/Ice        0%         N/A       100%        5
 Yara's Violent Unravell  Hex/Tmut       0%         3d3       100%        5
 Eringya's Noxious Bog    Tmut/Pois      0%         N/A       100%        6
 Plasma Beam              Fire/Air       0%         2x1d11    100%        6
 Call Canine Familiar     Summ           Unusable   N/A       N/A         3
 Tukima's Dance           Hex            Unusable   N/A       N/A         3
 Simulacrum               Ice/Necr       Unusable   N/A       N/A         6
 Summon Cactus Giant      Summ           Unusable   N/A       N/A         6
 Summon Hydra             Summ           Unusable   N/A       N/A         7

Dungeon Overview and Level Annotations

Branches:
Dungeon (14/15)            Temple (1/1) D:5            Lair (5/5) D:11
 Shoals (0/4) Lair:3        Snake (1/4) Lair:2        Slime (0/5) Lair:4
    Orc (2/2) D:9             Elf (2/3) Orc:2       Ossuary (visited)
 Vaults: D:13-14

Altars:
Ashenzari
Dithmenos
Elyvilon
Fedhas
Gozag
Hepliaklqana
Kikubaaqudgha
Makhleb
Nemelex Xobeh
Okawaru
Qazlal
Ru
Sif Muna
Trog
Uskayaw
Vehumet
Wu Jian
Xom
Yredelemnul
Zin
The Shining One
Jiyva

Shops:
Orc:2 [(=*   Elf:1 ?   Elf:2 *

Annotations:
D:14 Roxanne
Lair:1 2 transporters, Xijim's ghost, journeyman OgGl
Lair:2 exclusion: downstairs
Orc:1 1 runed translucent door, unlimited1921's ghost, journeyman DjFE
Elf:1 3 runed translucent doors
Elf:2 3 runed translucent doors


Innate Abilities, Weirdness & Mutations

You have a beak for a mouth.
You have claws for feet.
Your magical nature lets you fly swiftly and evasively.


Message History

The bolt of poison misses the naga warrior.
You barely miss the naga warrior.
The naga warrior is almost dead.
You slice the guardian serpent!! You slash the naga warrior!
You feel extremely sick.
You block the guardian serpent's attack.
You block the naga warrior's attack. The naga warrior barely misses you.
The naga warrior constricts you.
The guardian serpent coils itself and waves its upper body at you.
The bolt of poison hits you but does no damage.
You resist.
The bolt of poison misses the naga warrior.
The naga warrior barely misses you.
The naga warrior roars a battlecry!
The naga warrior goes into a battle-frenzy!
The naga warrior constricts you. The guardian serpent hits you.
You slice the naga warrior!!
You kill the naga warrior!
Okawaru accepts your kill.
You barely miss the guardian serpent. You slash the naga warrior!
You feel very sick.
You block the guardian serpent's attack.
The naga warrior hits you with a +0 halberd!!
* * * LOW HITPOINT WARNING * * *
The naga warrior misses you.
The guardian serpent hits you but does no damage.
You block the naga warrior's attack. The naga warrior closely misses you.
The guardian serpent hits you!
* * * LOW HITPOINT WARNING * * *
You slice the guardian serpent!!
You kill the guardian serpent!
Okawaru accepts your kill.
You hit the naga warrior.
You feel like a meek peon again.
You feel very sick. The naga warrior spits poison at you.
The splash of poison hits you. You resist.
* * * LOW HITPOINT WARNING * * *
The naga warrior hits you with a +0 halberd!!
You die...

##......# ##......## ...#
#........## .....
#..[......#
#.).....##..†...?.#. .
#.........##..†....# ..
#.........##.......# ...
..........###..N))## ....
#..............)@)##.....
#...........#.##†...#
##..........###....###
............# #.....#
#.....)..##.##.......#
#..†<...###.###......#
###....## #.# #..)....#
###### ..# #.......# ..#
##......#


You could see a naga warrior (strong, catching breath).

Vanquished Creatures
  Saint Roka (Orc:2)
  A deep elf sorcerer (Elf:1)
  Nessos (Lair:5)
  3 dire elephants (Lair:5)
  5 hydras
  An anaconda (Snake:1)
  4 boulder beetles
  2 centaur warriors
  A catoblepas (Lair:2)
  10 dancing weapons
  3 two-headed ogres
  11 death yaks
  2 naga warriors (Snake:1)
  An orc high priest (Orc:2)
  2 deep elf knights
  Sonja (Lair:2)
  2 skysharks
  A spectral death yak (Lair:5)
  Amaemon (D:11)
  A spectral anaconda (Lair:5)
  An obsidian statue (Lair:5)
  2 wizards (Elf:1)
  A lindwurm (Lair:3)
  6 deep elf archers
  Pikel (Temple)
  4 necromancers (Lair:5)
  9 deep elf zephyrmancers
  3 orc knights (Orc:2)
  11 deep elf pyromancers
  3 orc sorcerers
  2 ugly things
  2 manticores
  A salamander (Snake:1)
  3 cyclopes
  10 elephants
  A merfolk siren (Lair:3)
  7 black mambas
  A guardian serpent (Snake:1)
  3 torpor snails
  A cane toad (shapeshifter) (D:13)
  An orange demon (D:11)
  2 gargoyles
  15 cane toads
  An efreet (D:14)
  2 rime drakes
  13 komodo dragons
  A polar bear (Lair:2)
  A hornet (D:8)
  4 trolls
  2 merfolk
  6 blink frogs
  A spectral elephant (Lair:5)
  16 dream sheep (Lair:5)
  13 slime creatures
  An air elemental (Elf:1)
  2 water elementals (Elf:1)
  2 vampires
  7 wyverns
  A fire elemental (Elf:2)
  A steam dragon (Lair:3)
  4 wraiths
  5 basilisks
  47 yaks
  3 death yak simulacra (Lair:5)
  2 spectral cane toads (Lair:5)
  10 wargs
  7 nagas
  2 acid dragons
  12 water moccasins
  24 orc warriors
  An ice beast (D:6)
  5 black bears
  2 sky beasts
  The ghost of gohan83 the Chopper, an amateur MiBe of Trog (D:5)
  A swamp drake (D:6)
  19 wolves
  8 ogres
  A boggart (Elf:1)
  10 centaurs
  3 elephant skeletons (Lair:5)
  6 kobold brigands
  A phantom (D:4)
  6 elf zombies (Ossuary)
  14 bullfrogs
  3 gnoll sergeants
  An earth elemental (Elf:1)
  A cane toad simulacrum (Lair:5)
  2 scorpions
  20 wights
  An elephant simulacrum (Lair:5)
  17 killer bees
  7 howler monkeys
  3 electric eels
  A centaur zombie (Ossuary)
  5 human zombies (Ossuary)
  5 hounds
  11 orc priests
  2 gnoll boudas
  12 jellies
  6 iguanas
  13 hell rats
  18 orc wizards
  6 polar bear simulacra (Lair:5)
  A yak simulacrum (Lair:5)
  A wolf simulacrum (Lair:5)
  3 mummies (Ossuary)
  9 adders
  18 gnolls
  A shadow imp (Temple)
  2 white imps
  An ufetubus (D:5)
  3 worms
  3 dart slugs
  50 orcs
  7 ball pythons
  14 endoplasms
  5 giant cockroaches
  9 goblins
  5 hobgoblins
  8 jackals
  6 quokkas
  5 bats
  A frilled lizard (D:1)
  35 kobolds
  3 rats
  3 river rat simulacra (Lair:5)
739 creatures vanquished.

Vanquished Creatures (others)
  A deep elf pyromancer (Elf:2)
  A merfolk siren (Lair:3)
2 creatures vanquished.

Grand Total: 741 creatures vanquished

Notes
Turn   | Place    | Note
-------+----------+-------------------------------------------
     0 | D:1      | Kurtz the Tengu Fighter began the quest for the Orb.
     0 | D:1      | Reached XP level 1. HP: 14/14 MP: 2/2
   144 | D:1      | Reached XP level 2. HP: 9/19 MP: 3/3
   148 | D:1      | Reached skill level 3 in Axes
   685 | D:1      | Reached XP level 3. HP: 16/23 MP: 2/4
   792 | D:1      | Reached skill level 4 in Axes
   962 | D:2      | Found a sparkling altar of Nemelex Xobeh.
  1103 | D:2      | Reached XP level 4. HP: 18/28 MP: 5/5
  1355 | D:2      | Reached skill level 5 in Axes
  1971 | D:3      | Found an ornate altar of the Wu Jian Council.
  2039 | D:3      | Gained mutation: Your magical nature lets you fly swiftly
                  | and evasively. [Tengu growth]
  2039 | D:3      | Reached XP level 5. HP: 32/32 MP: 4/6
  2376 | D:3      | Reached skill level 6 in Axes
  2535 | D:3      | Identified the +4 war axe "Ufruoti" {elec, rPois rC+ MP+9
                  | Dex+4}
  2761 | D:3      | Found a faded altar of an unknown god.
  3128 | D:4      | Noticed a water moccasin
  3135 | D:4      | Killed a water moccasin
  3136 | D:4      | Reached skill level 7 in Axes
  3136 | D:4      | Reached skill level 1 in Dodging
  3136 | D:4      | Reached XP level 6. HP: 33/37 MP: 7/7
  3524 | D:4      | Identified the +1 plate armour of the Other Side {*Slow
                  | rElec Int+5}
  3869 | D:4      | Reached XP level 7. HP: 41/41 MP: 8/8
  3896 | D:4      | Reached skill level 8 in Axes
  4288 | D:5      | Entered Level 5 of the Dungeon
  4312 | D:5      | Found a staircase to the Ecumenical Temple.
  4318 | D:5      | Noticed Pikel
  4324 | Temple   | Entered the Ecumenical Temple
  4347 | Temple   | Killed Pikel
  4348 | Temple   | Reached skill level 10 in Axes
  4348 | Temple   | Reached XP level 8. HP: 36/46 MP: 9/9
  4493 | D:5      | Found a sand-covered staircase.
  4500 | Ossuary  | Entered an ossuary
  4646 | Ossuary  | Reached skill level 11 in Axes
  4700 | Ossuary  | Reached XP level 9. HP: 50/50 MP: 10/10
  4799 | Temple   | Became a worshipper of Warmaster Okawaru
  4843 | D:5      | Reached skill level 12 in Axes
  4861 | D:5      | Found a runed translucent gate.
  4862 | D:5      | Found a runed translucent gate.
  4864 | D:5      | Noticed gohan83's ghost (amateur MiBe)
  4866 | D:5      | Found a runed translucent gate.
  5356 | D:6      | Reached * piety under Okawaru
  5387 | D:6      | Reached skill level 1 in Invocations
  5523 | D:6      | Reached skill level 13 in Axes
  6425 | D:7      | Reached skill level 1 in Evocations
  6425 | D:7      | Reached ** piety under Okawaru
  6433 | D:7      | Reached XP level 10. HP: 39/56 MP: 12/12
  6437 | D:7      | Reached skill level 14 in Axes
  7608 | D:8      | Reached *** piety under Okawaru
  7889 | D:8      | Reached skill level 15 in Axes
  8685 | D:9      | Reached skill level 5 in Dodging
  8766 | D:9      | Reached **** piety under Okawaru
  8773 | D:9      | Reached XP level 11. HP: 47/60 MP: 14/14
  8777 | D:9      | Reached skill level 16 in Axes
  8892 | D:9      | Reached ***** piety under Okawaru
  8927 | D:9      | Found a staircase to the Orcish Mines.
  9160 | D:10     | Entered Level 10 of the Dungeon
  9543 | D:10     | Received a gift from Okawaru
  9718 | D:10     | Reached skill level 5 in Invocations
 10050 | D:10     | Found a hide-covered altar of Uskayaw.
 10058 | D:10     | Reached skill level 5 in Evocations
 10268 | D:5      | Killed gohan83's ghost
 10536 | D:11     | Noticed Amaemon
 10676 | D:11     | Noticed a green ugly thing
 10683 | D:10     | Killed a green ugly thing
 11254 | D:11     | Noticed a boulder beetle
 11262 | D:11     | Killed a boulder beetle
 11744 | D:11     | Found a staircase to the Lair.
 11748 | D:11     | Received a gift from Okawaru
 11749 | D:11     | Reached XP level 12. HP: 62/65 MP: 17/17
 11814 | D:11     | Killed Amaemon
 12039 | D:11     | Identified the +0 pair of boots of Least Resistance {Int+4
                  | Dex+3 SInv}
 12451 | D:12     | Reached skill level 5 in Armour
 12994 | D:13     | Noticed a two-headed ogre
 13098 | D:12     | Killed a two-headed ogre
 13125 | D:13     | Noticed a boulder beetle
 13147 | D:13     | Killed a boulder beetle
 13148 | D:13     | Reached skill level 5 in Fighting
 13424 | D:13     | Noticed a centaur warrior
 13432 | D:13     | Killed a centaur warrior
 13648 | D:13     | Noticed a two-headed ogre
 13652 | D:13     | Killed a two-headed ogre
 13825 | D:13     | Reached XP level 13. HP: 66/76 MP: 18/18
 14270 | D:14     | Noticed Roxanne
 14582 | Lair:1   | Entered Level 1 of the Lair of Beasts
 14589 | Lair:1   | Reached skill level 5 in Shields
 14696 | Lair:1   | Identified the scarf of the Doldrums {harm, rF+} (Okawaru
                  | gifted it to you on level 1 of the Lair of Beasts)
 14696 | Lair:1   | Received a gift from Okawaru
 14851 | Lair:1   | Found a transporter.
 14872 | Lair:1   | Noticed a great orb of eyes
 15141 | Lair:1   | Found a transporter.
 15144 | Lair:1   | Noticed Xijim's ghost (journeyman OgGl)
 15559 | Lair:2   | Found a staircase to the Snake Pit.
 15616 | Lair:2   | Noticed Sonja
 15643 | Lair:2   | Killed Sonja
 16098 | Lair:2   | Identified the +0 pair of boots "Koishriw" {Contam Rampage
                  | rN+}
 16184 | Lair:2   | Received a gift from Okawaru
 16518 | Lair:2   | Reached XP level 14. HP: 83/84 MP: 20/20
 17017 | Lair:3   | Reached skill level 17 in Axes
 17163 | Lair:3   | Identified the +9 falchion of Dismemberment {flame,
                  | *Corrode rC- rN+ Str+5}
 17583 | Lair:3   | Got Poeghyp's Vademecum on Contamination
 17786 | Lair:3   | Found a staircase to the Shoals.
 17830 | Lair:4   | Reached ****** piety under Okawaru
 17952 | Lair:4   | Found a staircase to the Slime Pits.
 17962 | Lair:4   | Identified the +5 plate armour of Greed {+Blink} (Okawaru
                  | gifted it to you on level 4 of the Lair of Beasts)
 17962 | Lair:4   | Received a gift from Okawaru
 17964 | Lair:4   | Found a viscous altar of Jiyva.
 18339 | Lair:4   | Reached skill level 18 in Axes
 18554 | Lair:4   | Reached skill level 10 in Dodging
 18946 | Lair:5   | Entered Level 5 of the Lair of Beasts
 19135 | Lair:5   | Reached skill level 10 in Armour
 19218 | Lair:5   | Reached skill level 10 in Fighting
 19279 | Lair:5   | Noticed Nessos
 19288 | Lair:5   | Reached XP level 15. HP: 15/92 MP: 21/21
 19626 | Lair:5   | Killed Nessos
 20414 | Lair:5   | Identified the +8 chain mail of Cirion {rPois Will- Int+8
                  | Slay-4} (Okawaru gifted it to you on level 5 of the Lair of
                  | Beasts)
 20414 | Lair:5   | Received a gift from Okawaru
 20544 | Lair:5   | Identified the staff of earth "Iwnar" {Contam Fly Dex+5}
 20833 | Orc:1    | Entered Level 1 of the Orcish Mines
 21117 | Orc:1    | Found a runed translucent door.
 21118 | Orc:1    | Found a shimmering altar of Xom.
 21118 | Orc:1    | Noticed unlimited1921's ghost (journeyman DjFE)
 21118 | Orc:1    | Found the +5 demon whip "Spellbinder" {antimagic, disrupt,
                  | Will+}
 21345 | Orc:2    | Entered Level 2 of the Orcish Mines
 21611 | Orc:2    | Found a staircase to the Elven Halls.
 21711 | Orc:2    | Noticed Saint Roka
 22330 | Orc:2    | Killed Saint Roka
 22471 | Orc:2    | Found Akhlil's General Store.
 22490 | Orc:2    | Found Dupni's Antique Weapon Shop.
 22569 | Orc:2    | Found Hiowew's Jewellery Shop.
 22635 | Orc:2    | Found Maelous's Antique Armour Shop.
 22855 | Orc:2    | Bought a scroll of brand weapon for 133 gold pieces
 22855 | Orc:2    | Bought a potion of heal wounds for 70 gold pieces
 22855 | Orc:2    | Bought a scroll of blinking for 105 gold pieces
 22855 | Orc:2    | Bought a potion of resistance for 140 gold pieces
 22855 | Orc:2    | Bought a scroll of fear for 56 gold pieces
 22908 | Orc:2    | Bought a +4 ring of slaying for 1170 gold pieces
 23112 | Snake:1  | Entered Level 1 of the Snake Pit
 23293 | Elf:1    | Entered Level 1 of the Elven Halls
 23347 | Elf:1    | Received a gift from Okawaru
 23454 | Elf:1    | You are sucked into a shaft and drop 1 floor!
 23465 | Elf:2    | Noticed a deep elf blademaster
 23479 | Elf:2    | Found a runed translucent gate.
 23479 | Elf:2    | Found a runed translucent gate.
 23479 | Elf:2    | Found a runed translucent gate.
 23643 | Elf:2    | Found Ilacoff's Assorted Antiques.
 23652 | Elf:2    | Reached XP level 16. HP: 100/103 MP: 22/22
 23659 | Elf:2    | Bought a scroll of teleportation for 60 gold pieces
 23659 | Elf:2    | Bought a scroll of identify for 40 gold pieces
 23723 | Elf:1    | Found Larr's Magic Scroll Boutique.
 23820 | Elf:1    | HP: 5/103 [+4 trident of distortion (11)]
 23933 | Elf:1    | Paralysed by an air elemental for 1 turns
 24040 | Elf:1    | Found a runed translucent gate.
 24040 | Elf:1    | Found a runed translucent gate.
 24040 | Elf:1    | Found a runed translucent gate.
 24478 | Elf:1    | Identified the +1 ring mail "Conlajy" {rF+ Regen+ Dex-3}
                  | (Okawaru gifted it to you on level 1 of the Elven Halls)
 24478 | Elf:1    | Received a gift from Okawaru
 25362 | Snake:1  | Mangled by a naga warrior

Illustrated notes

Levels and vault maps discovered:
D:1:      tarquinn_simple_flora_water_d, layout_basic, minivault_23,
          kennysheep_pointless_box
D:2:      layout_basic, basic_altar
D:3:      layout_basic, lemuel_round_altar,
          dreamdust_ecumenical_altar_hidden_monk_grotto
D:4:      layout_rooms, serial_bayou_pond_c, minmay_misc_feat_five,
          minmay_unequal
D:5:      layout_rooms, minmay_temple_entry_large_hall, gammafunk_ghost_split,
          serial_aquarium, aquarium_bridge_long_joined
          [aquarium_subvault_window, aquarium_subvault_window,
          aquarium_subvault_bridge, aquarium_subvault_balcony,
          aquarium_subvault_wall, aquarium_subvault_window], aquarium_window_1,
          aquarium_window_1, aquarium_window_fake, aquarium_view_2f,
          aquarium_balcony_1b, aquarium_pool_2, chequers_ossuary_entry_cave,
          uniq_pikel
D:6:      layout_cave_pools, kennysheep_opposing_triangles
D:7:      layout_basic, minmay_misc_feat_four_crosses
D:8:      layout_basic, serial_corexii_hall, corexii_hall_statues_x,
          corexii_hall_statues_l, corexii_hall_statues_l,
          corexii_hall_statues_i, corexii_hall_statues_i, corexii_hall_statues_u
D:9:      layout_roguey, david_orc_3
D:10:     layout_roguey, mainiacjoe_overflow_brackets
D:11:     layout_basic, grunt_lair_entry_orc_guard_hut, uniq_amaemon
D:12:     layout_loops_ring
D:13:     layout_roguey
D:14:     layout_stronghold, grunt_vaults_entry_tiered,
          hangedman_abyss_or_decor_slice, uniq_roxanne
Temple:   nicolae_temple_slightly_damp_pantheon
Lair:1:   layout_regular_city, gammafunk_ghost_abyssal_escape,
          chequers_serial_rivers_large_b
Lair:2:   layout_chaotic_city, minmay_snake_entry_guardpost_small,
          nzn_random_ring, grunt_megastairs_1, lemuel_fruit_fields,
          lemuel_fruit_tree, uniq_sonja
Lair:3:   layout_roguey, elwin_shoals_entry_stream, infiniplex_staircase_pool_2,
          grunt_megastairs_5
Lair:4:   layout_cave_shapes, minmay_slime_entry_jelly_boxes,
          hangedman_lair_unloving_vines, pdpol_lair_cavern_descent
Lair:5:   due_jungle_book, layout_loops_ring, st_stairs_7,
          eino_house_with_fridge, uniq_nessos
Snake:1:  layout_chambers, nicolae_snake_gridmaze_squiggle
Orc:1:    layout_diamond_mine, ebering_ghost_xom, basic_altar, mines5_lemuel
Orc:2:    grunt_orc_cross, layout_diamond_mine, basic_altar
Elf:1:    nicolae_elf_arrival_fired_up, layout_geoelf_grid, serial_shops, shop,
          hangedman_elf_disciples, nicolae_elf_hall_of_bonks
Elf:2:    nicolae_elf_blades_splatter_lattice [nicolae_blade_tridents],
          layout_geoelf_diagonals, serial_shops, nicolae_square_shop

Skill      XL: |  1  2  3  4  5  6  7  8  9 10 11 12 13 14 15 16 |
---------------+-------------------------------------------------+-----
Axes           | 3 4 5 7 10 11 13 15 16 18 | 18.0
Dodging        | 1 2 3 4 5 8 9 10 11 | 11.7
Invocations    | 1 3 5 6 7 |  7.8
Evocations     | 1 2 5 6 7 8 |  8.1
Armour         | 7 9 10 11 | 11.9
Fighting       | 6 8 10 12 13 | 13.1
Shields        | 4 6 7 8 9 |  9.4

Action                     |  1- 3 |  4- 6 |  7- 9 | 10-12 | 13-15 | 16-18 || total
---------------------------+-------+-------+-------+-------+-------+-------++-------
  Melee: War axe           |    87 |   138 |   179 |   551 |   263 |       ||  1218
         Kick              |    15 |    23 |    40 |   161 |   303 |    37 ||   579
         Peck              |    11 |    15 |    36 |   122 |   187 |    17 ||   388
         Broad axe         |       |       |       |       |   573 |   115 ||   688
         Whip              |       |       |       |       |    34 |       ||    34
  Throw: Dart              |       |       |     8 |     3 |     2 |       ||    13
 Invoke: Heroism           |       |       |       |     4 |     8 |     2 ||    14
         Finesse           |       |       |       |       |     1 |       ||     1
  Evoke: Wand              |       |       |    12 |     6 |     7 |       ||    25
         Lightning rod     |       |       |       |     6 |     3 |       ||     9
    Use: Scroll            |       |       |    10 |     7 |    28 |     2 ||    47
         Potion            |       |       |     1 |       |     5 |     2 ||     8
   Stab: Distracted        |     1 |       |       |       |       |       ||     1
         Petrifying        |       |       |       |       |     2 |       ||     2
         Petrified         |       |       |       |       |     2 |       ||     2
 Armour: Scale mail        |    17 |       |       |       |       |       ||    17
         Plate armour      |    46 |   104 |       |    67 |   461 |    60 ||   738
         Chain mail        |       |     1 |    89 |   120 |       |       ||   210
         Acid dragon scale |       |       |       |     4 |       |       ||     4
  Dodge: Dodged            |    26 |    33 |    87 |   222 |   382 |    48 ||   798
  Block: Buckler           |    17 |    28 |    40 |    99 |   222 |       ||   406
         Kite shield       |       |       |       |       |    33 |    58 ||    91
         Reflection        |       |       |       |       |     2 |     8 ||    10
         Tower shield      |       |       |       |       |       |    14 ||    14
